Map: Darkness Sanctuary LE

Players

blankman

  • Race: Zerg Zerg
  • Spawn Location: 1:00

Marzbar - Winner!

  • Race: Zerg Zerg
  • League: Diamond
  • Spawn Location: 5:00

VOD

Have the link to the VOD?

Description

Time

  • Played on: June 13, 2018, 5:59 p.m.
  • Length: 5:39
Show
View Real Time Build Order
Export as new Build Order

blankman Zerg 

Build Orders: Pool First 

Get SALT Encoding   

  12  0:01  Drone  
  13  0:13  Drone  
  14  0:18  Overlord  
  14  0:27  Extractor  
  13  0:28  Drone  
  13  0:30  Extractor  
  13  0:31  Drone  
  16  0:37  Drone  
  17  0:48  Spawning Pool  
  16  0:52  Drone  
  17  1:13  Hatchery  
  16  1:19  Drone  
  16  1:20  Drone  
  16  1:21  Drone  
  19  1:30  Drone  
  20  1:36  Queen  
  20  1:39  Extractor  
  21  1:41  Extractor  
  21  1:45  Overlord  
  20  1:55  Roach Warren  
  20  1:58  Drone  
  20  2:03  Drone  
  21  2:12  Queen  
  23  2:31  Drone  
  23  2:32  Drone x2  
  26  2:38  Drone x2  
  28  2:49  Lair  
  28  2:52  Drone x2  
  28  2:56  Drone  
  31  3:06  Drone  
  31  3:08  Drone  
  33  3:13  Drone x3  
  36  3:22  Overlord  
  36  3:23  Overlord  
  36  3:27  Overlord  
  36  3:28  Overlord  
  36  3:42  Drone x3  
  36  3:43  Drone x3  
  42  3:49  Glial Reconstitution  
  42  3:54  Roach x3  
  48  3:57  Roach  
  48  3:58  Roach  
  52  4:16  Roach x7  
  66  4:22  Overlord  
  66  4:32  Roach  
  68  4:48  Roach x4  
  68  4:51  Overlord x3  
Show
View Real Time Build Order
Export as new Build Order

Marzbar Zerg - Winner!

Build Orders: Hatch First 

Get SALT Encoding   

  12  0:01  Drone  
  13  0:13  Overlord  
  13  0:17  Drone  
  14  0:31  Drone x2  
  14  0:34  Drone  
  17  0:53  Hatchery  
  16  0:58  Drone  
  16  0:59  Drone  
  16  1:01  Extractor  
  17  1:15  Spawning Pool  
  17  1:18  Drone  
  17  1:23  Drone  
  18  1:28  Drone  
  19  1:42  Overlord  
  19  1:50  Drone  
  20  2:05  Queen x2  
  20  2:06  Zergling x4  
  26  2:10  Metabolic Boost  
  26  2:17  Drone  
  26  2:18  Drone  
  26  2:22  Drone  
  29  2:33  Drone  
  29  2:34  Drone  
  31  2:47  Hatchery  
  31  2:50  Drone  
  31  2:51  Overlord  
  31  2:54  Drone  
  32  3:01  Drone  
  32  3:04  Overlord  
  32  3:05  Drone  
  34  3:09  Drone  
  35  3:15  Drone x3  
  35  3:16  Drone  
  39  3:22  Baneling Nest  
  39  3:23  Zergling x2  
  39  3:29  Drone x2  
  39  3:30  Drone  
  42  3:44  Roach Warren  
  42  3:46  Zergling x6  
  42  3:47  Zergling x2  
  45  3:50  Overlord  
  45  3:51  Drone x2  
  45  3:52  Drone x2  
  49  3:59  Queen  
  50  4:14  Overlord x2  
  50  4:15  Drone x4  
  54  4:27  Roach x6  
  54  4:28  Extractor  
  54  4:29  Overlord  
  62  4:45  Roach x6  
  75  4:53  Roach x3  
  75  4:58  Roach x3, Spine Crawler  
  84  5:00  Roach  
  86  5:14  Roach  
  86  5:15  Roach x2  
  86  5:17  Overlord  
  78  5:32  Extractor x2  
Tags
 
Add a new tag
Caveats
  • Supply blocks, unpowered buildings, or Contaminate may cause inaccurate times.
  • Supply counts are checked every 10 seconds.